 Dungeon Crawl Stone Soup version 0.24.0-123-gd5b16e6ec5 (webtiles) character file.

Game seed: 2177882040101624915, levelgen mode: deterministic

226322 Johnny the Metallomancer (level 18, -21/117 HPs)
             Began as a Demigod Earth Elementalist on Jan 31, 2020.
             Killed from afar by a deep elf mage (39 damage)
             ... with a bolt of lightning
             ... on level 2 of the Elven Halls.
             The game lasted 01:05:42 (33933 turns).

Johnny the Metallomancer (DgEE)                    Turns: 33933, Time: 01:05:43

Health: -21/117    AC: 16    Str: 11    XL:     18   Next: 32%
Magic:  0/43       EV: 12    Int: 44    God:
Gold:   1291       SH:  7    Dex: 21    Spells: 21/49 levels left

rFire    . . .     SeeInvis +   W - +7 mace "Ysu Odaepi" {drain, *Drain rF- Int+8 Dex+5}
rCold    . . .     Gourm    .   O - +0 buckler
rNeg     . . .     Faith    .   G - +3 leather armour {rF+}
rPois    +         Spirit   .   b - +1 helmet {SInv}
rElec    .         Reflect  .   h - +1 cloak {rPois}
rCorr    +         Harm     +   r - +2 pair of gloves
MR       ++...                  v - +2 pair of boots {Fly}
Stlth    ++........             J - amulet of harm
HPRegen  0.29/turn              o - ring of wizardry
MPRegen  0.28/turn              j - ring "Riosuwe" {MR+ rCorr Int+5}

@: about to teleport, flying
A: high mp 1
a: no special abilities


You were on level 2 of the Elven Halls.
You were not hungry.

You visited 4 branches of the dungeon, and saw 26 of its levels.
You also visited: Ossuary and Volcano.

You collected 3678 gold pieces.
You spent 2387 gold pieces at shops.

Inventory:

Hand Weapons
 w - the +10 short sword of Royfesovofei {vamp, rF+++ Str+6 Int+4, unknown}
   (You took it off a deep elf knight on level 3 of the Elven Halls)

   It inflicts no extra harm, but heals its wielder when it wounds a living foe.
   It affects your strength (+6).
   It affects your intelligence (+4).
   It renders you almost immune to fire.
 W - the +7 mace "Ysu Odaepi" (weapon) {drain, *Drain rF- Int+8 Dex+5}
   (You bought it in a shop on level 2 of the Orcish Mines)

   A truly terrible weapon, it drains the life of those it strikes.
   It affects your intelligence (+8).
   It affects your dexterity (+5).
   It makes you vulnerable to fire.
   It causes draining when unequipped.
Missiles
 Y - 160 stones (quivered)
Armour
 b - a +1 helmet of see invisible (worn)
 h - a +1 cloak of poison resistance (worn)
 r - a +2 pair of gloves (worn)
 v - a +2 pair of boots of flying (worn)
 G - a +3 leather armour of fire resistance (worn)
 K - a +2 shield of cold resistance
 N - the +1 leather armour "Evvimive" {+Blink Regen+ Int+3 Stlth-}
   (You found it on level 3 of the Elven Halls)

   It affects your intelligence (+3).
   It lets you blink.
   It increases your rate of regeneration.
   It makes you less stealthy.
 O - a +0 buckler (worn)
 U - a +2 robe of the Archmagi
Magical Staves
 z - an uncursed staff of death {unknown}
 V - an uncursed staff of earth
Jewellery
 j - the ring "Riosuwe" (right hand) {MR+ rCorr Int+5}
   (You took it off a deep elf mage on level 3 of the Elven Halls)

   [ring of resist corrosion]

   It affects your intelligence (+5).
   It affects your resistance to hostile enchantments.
   It provides partial protection from all sources of acid and corrosion.
 o - a ring of wizardry (left hand)
 J - an amulet of harm (around neck)
 P - the amulet "Niraixzu" {rF+ rC+ rN+ Regen+ Int+2}
   (You took it off a deep elf demonologist on level 3 of the Elven Halls)

   [amulet of regeneration]

   It affects your intelligence (+2).
   It protects you from fire.
   It protects you from cold.
   It protects you from negative energy.
   It increases your rate of regeneration.
 Q - an uncursed ring of protection from cold
 S - a cursed amulet of inaccuracy {unknown}
 Z - an uncursed ring of magical power
Wands
 l - a wand of paralysis (9)
 s - a wand of digging (12)
 M - a wand of iceblast (12)
Scrolls
 a - 12 scrolls of remove curse
 e - a scroll of holy word
 i - 13 scrolls of teleportation
 k - 2 scrolls of fear
 n - 2 scrolls of immolation
 q - 8 scrolls of fog
 x - a scroll of magic mapping
 L - a scroll of blinking
Potions
 c - a potion of berserk rage
 f - a potion of magic
 g - 11 potions of curing
 m - 2 potions of mutation
 p - 2 potions of resistance
 A - 9 potions of lignification
 B - 5 potions of flight
 C - 3 potions of agility
 D - 4 potions of cancellation
 E - a potion of brilliance
 F - 3 potions of invisibility
 H - 2 potions of heal wounds
 I - 2 potions of haste
 T - 5 potions of might
Miscellaneous
 t - a lamp of fire
 u - a lightning rod (4/4)
 R - a box of beasts
 X - a phial of floods
Comestibles
 d - 49 rations


   Skills:
 - Level 1.7 Dodging
 - Level 1.7 Stealth
 + Level 10.0 Shields
 + Level 16.0 Spellcasting
 - Level 0.8 Transmutations
 * Level 21.5 Earth Magic


You had 21 spell levels left.
You knew the following spells:

 Your Spells              Type           Power        Failure   Level  Hunger
a - Sandblast             Erth           ######       0%          1    None
b - Stone Arrow           Conj/Erth      ######       1%          3    None
c - Lee's Rapid Deconstr  Erth           ########..   0%          5    None
d - Petrify               Tmut/Erth      #######.     1%          4    None
e - Shatter               Erth           ########..   6%          9    #####..
f - Iron Shot             Conj/Erth      #######...   1%          6    None

Your spell library contained the following spells:

 Spells                   Type           Power        Failure   Level  Hunger
 Passwall                 Tmut/Erth      #######.     0%          2    None
 Animate Skeleton         Necr           N/A          1%          1    None
 Apportation              Tloc           #####.       1%          1    None
 Confusing Touch          Hex            #####.       1%          1    None
 Infusion                 Chrm           ####         1%          1    None
 Shock                    Conj/Air       ####         1%          1    None
 Summon Small Mammal      Summ           ####         1%          1    None
 Shroud of Golubria       Chrm/Tloc      #####.       1%          2    None
 Song of Slaying          Chrm           #####...     1%          2    None
 Swiftness                Chrm/Air       #####...     1%          2    None
 Dazzling Spray           Conj/Hex       #####.       1%          3    None
 Regeneration             Chrm/Necr      #####.....   1%          3    None
 Spectral Weapon          Hex/Chrm       #####...     1%          3    None
 Static Discharge         Conj/Air       #####...     1%          3    None
 Leda's Liquefaction      Hex/Erth       #######...   1%          4    None
 Bolt of Magma            Conj/Fire/Erth #######...   1%          5    None
 Statue Form              Tmut/Erth      #######..    1%          6    None
 Airstrike                Air            #####.....   4%          4    None
 Fulminant Prism          Conj/Hex       #####.....   4%          4    None
 Passage of Golubria      Tloc           N/A          4%          4    None
 Throw Icicle             Conj/Ice       #####...     4%          4    None
 Fireball                 Conj/Fire      #####.....   11%         5    None
 Lightning Bolt           Conj/Air       #####.....   11%         5    None
 Darkness                 Hex            #####.....   47%         6    None
 Invisibility             Hex            #####...     47%         6    None
 Ignition                 Fire           #####.....   100%        8    ####...
 Tornado                  Air            #####.....   100%        9    #####..


Dungeon Overview and Level Annotations

Branches:
Dungeon (15/15)            Temple (0/1) D:6            Lair (6/6) D:8
  Swamp (0/4) Lair:3       Spider (0/4) Lair:2        Slime (0/5) Lair:5
    Orc (2/2) D:10            Elf (3/3) Orc:2        Vaults (0/5) D:14
 Depths (0/5) D:15        Ossuary (visited)         Volcano (visited)

Shops:
Orc:2 %(!:

Portals:
Trove: D:10 (show slimy rune of Zot)

Annotations:
D:13 Rupert


Innate Abilities, Weirdness & Mutations

You have an increased reservoir of magic. (+10% MP)


Message History

You block the +0 trident of protection's attack.
The deep elf mage points at you and mumbles some strange words.
The bolt of lightning hits you!! The +1 antimagic mace hits you.
You feel your power leaking away.
The +0 trident of protection hits you from afar!
Casting: Shatter (quite dangerous; 6% risk of failure)
Confirm with . or Enter, or press ? or * to list all spells.
You don't have enough magic to cast that spell.
Unknown command.
As you read the scroll of teleportation, it crumbles to dust.
You feel strangely unstable. The +1 antimagic mace hits you!
* * * LOW HITPOINT WARNING * * *
You feel your power leaking away.
The +0 trident of protection hits you but does no damage.
Unknown command.
The +0 trident of protection hits you from afar.
* * * LOW HITPOINT WARNING * * *
The deep elf mage casts a spell at you. The bolt of lightning hits you!!
You die...

..#...#.# #...##
##...# ..#...#.# #...#
#...# #### ####'#.##
#...## ##...# ##.##
####....# #....#
#....######..([
...'....##
#....###.........<...<
####.....#
##....#....#######...#
#.....# ##...#...##
##.## #######
##..#..## ###
#..@....#
####.(..#.#####
##...+.(.....#.##.
#.....#.......#...
..................).
.....e.............#
#...................
##.........)......#
..........)..).....


You could see a deep elf mage and 2 dancing weapons.

Vanquished Creatures
  Nikola (Elf:2)
  2 deep elf blademasters (Elf:3)
  2 deep elf master archers (Elf:3)
  Gastronok (D:9)
  Donald (Elf:1)
  5 deep elf sorcerers (Elf:3)
  Aizul (Elf:3)
  2 deep elf elementalists (Elf:3)
  A stone giant (Orc:2)
  11 deep elf demonologists
  9 deep elf annihilators
  A red draconian (Volcano)
  A dire elephant (D:15)
  4 deep elf death magi (Elf:3)
  Snorg (Orc:1)
  3 deep elf high priests (Elf:3)
  5 hydras
  4 centaur warriors
  Fannar (Lair:2)
  A catoblepas (Lair:4)
  The ghost of Mortifus the Grappler, a novice TrMo of Yredelemnul (D:8)
  2 death knights
  3 ogre magi
  16 two-headed ogres
  25 dancing weapons
  3 death yaks (Lair:3)
  3 orc high priests
  Nergalle (Orc:1)
  A salamander mystic (Volcano)
  A skeletal warrior (D:14)
  23 deep elf knights
  6 orc knights
  A phantasmal warrior (D:15)
  Pikel (D:4)
  13 deep elf archers
  An orb spider (Lair:2)
  4 orc sorcerers
  59 deep elf magi
  A cyclops (Orc:1)
  8 ugly things
  8 elephants
  6 salamanders (Volcano)
  2 manticores (D:15)
  5 spiny frogs
  2 black mambas
  A torpor snail (Lair:3)
  A gargoyle (D:12)
  A rime drake (Lair:6)
  An efreet (D:14)
  4 freezing wraiths
  A kobold demonologist (D:14)
  12 komodo dragons
  4 trolls
  2 meliai (D:13)
  6 polar bears
  A merfolk (D:15)
  5 hornets (Lair:6)
  4 slime creatures
  13 blink frogs
  11 dream sheep (Lair:6)
  Grinder (D:4)
  4 hippogriffs
  A bog body (Lair:3)
  Sigmund (D:5)
  6 wyverns
  12 spriggans (Lair:6)
  2 water elementals
  An air elemental (Elf:1)
  3 wraiths
  4 fire elementals
  39 yaks
  2 basilisks (Lair:6)
  Eustachio (D:6)
  3 vampire mosquitoes (D:15)
  3 hungry ghosts
  2 steam dragons (D:8)
  4 wargs
  Edmund (D:4)
  16 water moccasins
  11 porcupines
  A swamp drake (shapeshifter) (D:15)
  A slave (D:4)
  6 black bears
  6 sky beasts
  22 orc warriors
  A swamp drake (Orc:2)
  4 ice beasts
  An eye of draining (D:12)
  30 wolves
  8 phantoms
  5 boggarts (Lair:6)
  3 necrophages
  20 ogres
  23 centaurs
  A hornet zombie (Ossuary)
  12 crocodiles
  An elf zombie (D:4)
  3 big kobolds
  17 bullfrogs
  Blork the orc (D:4)
  2 earth elementals (Elf:2)
  2 elf skeletons (D:4)
  6 scorpions
  3 killer bees (D:10)
  6 howler monkeys
  7 wights (D:11)
  13 electric eels
  9 crimson imps
  7 centaur zombies
  2 quasits
  2 bullfrog zombies (Ossuary)
  6 jellies
  10 centaur skeletons
  12 hounds
  7 iguanas
  18 orc priests
  25 orc wizards
  14 mummies (Ossuary)
  3 bullfrog skeletons
  16 worker ants
  A killer bee zombie (Ossuary)
  3 hound zombies
  2 hound skeletons
  3 worker ant zombies (Ossuary)
  4 gnolls (D:9)
  12 adders
  4 shadow imps
  An ooze (D:1)
  2 adder zombies (Ossuary)
  A worm (D:2)
  6 leopard geckos
  81 orcs
  8 giant cockroaches
  6 goblins
  11 hobgoblins
  4 jackals (D:8)
  9 kobolds
  6 quokkas
  3 ball pythons
  A ball python zombie (Ossuary)
  10 bats
  4 frilled lizards
  A jackal skeleton (D:5)
  An orc skeleton (D:4)
  A quokka zombie (Ossuary)
  18 rats
  7 crawling corpses (Elf:3)
  3 fungi
  A plant (Lair:4)
987 creatures vanquished.

Vanquished Creatures (collateral kills)
  A centaur warrior (D:15)
  4 centaurs (D:15)
5 creatures vanquished.

Vanquished Creatures (others)
  A deep elf sorcerer (Elf:2)
  An ugly thing (D:14)
  A shining eye (Orc:2)
  A water elemental (Elf:1)
  A golden eye (shapeshifter) (Elf:1)
  2 slaves (D:4)
  An orc warrior (D:12)
  A wolf (Lair:6)
  2 orc priests (Orc:2)
  An orc wizard (Orc:2)
  3 orcs (D:12)
  29 fungi
  16 plants
  6 withered plants (Ossuary)
66 creatures vanquished.

Grand Total: 1058 creatures vanquished

Notes
Turn   | Place    | Note
-------+----------+-------------------------------------------
     0 | D:1      | Johnny the Demigod Earth Elementalist began the quest for
                  | the Orb.
     0 | D:1      | Reached XP level 1. HP: 14/14 MP: 5/5
   134 | D:1      | Reached skill level 3 in Earth Magic
   169 | D:1      | Reached XP level 2. HP: 20/20 MP: 3/7
   565 | D:1      | Reached XP level 3. HP: 10/26 MP: 9/9
   831 | D:1      | Learned a level 3 spell: Stone Arrow
  1581 | D:2      | Found a blossoming altar of Fedhas.
  1583 | D:2      | Found an ancient bone altar of Kikubaaqudgha.
  1762 | D:2      | Found a shadowy altar of Dithmenos.
  1802 | D:2      | Found an ornate altar of the Wu Jian Council.
  2031 | D:2      | Found a burning altar of Makhleb.
  2032 | D:2      | Noticed an Executioner
  2175 | D:3      | Found a glowing golden altar of the Shining One.
  2178 | D:3      | Found a shimmering altar of Xom.
  2178 | D:3      | Found a radiant altar of Vehumet.
  2190 | D:3      | Found a shattered altar of Ashenzari.
  2239 | D:3      | Found a shimmering blue altar of Sif Muna.
  2533 | D:3      | Reached XP level 4. HP: 33/33 MP: 11/11
  2780 | D:3      | Found a basalt altar of Yredelemnul.
  2833 | D:3      | Noticed a bullfrog
  2836 | D:3      | Killed a bullfrog
  2836 | D:3      | Reached skill level 4 in Earth Magic
  3137 | D:4      | Noticed Blork the orc
  3141 | D:4      | Killed Blork the orc
  3141 | D:4      | Reached XP level 5. HP: 38/38 MP: 9/13
  3236 | D:4      | Learned a level 5 spell: Lee's Rapid Deconstruction
  3279 | D:4      | Reached XP level 6. HP: 45/45 MP: 8/15
  3281 | D:4      | Reached skill level 5 in Earth Magic
  3290 | D:4      | Noticed Pikel
  3325 | D:4      | Killed Pikel
  3325 | D:4      | Reached skill level 5 in Spellcasting
  3325 | D:4      | Reached skill level 6 in Earth Magic
  3325 | D:4      | Reached XP level 7. HP: 25/50 MP: 1/18
  3408 | D:4      | Found a sand-covered staircase.
  3438 | Ossuary  | Entered an ossuary
  3592 | Ossuary  | Reached XP level 8. HP: 49/57 MP: 12/20
  3598 | Ossuary  | Reached skill level 7 in Earth Magic
  4346 | D:4      | Noticed Grinder
  4351 | D:4      | Killed Grinder
  4421 | D:4      | Noticed Edmund
  4424 | D:4      | Killed Edmund
  4662 | D:4      | Reached skill level 8 in Earth Magic
  5067 | D:5      | Entered Level 5 of the Dungeon
  5140 | D:5      | Noticed Sigmund
  5215 | D:5      | Killed Sigmund
  5304 | D:5      | Reached XP level 9. HP: 62/62 MP: 10/24
  5316 | D:5      | Got a smoking mace
  5317 | D:5      | Identified the +3 mace of Hatred {crush, Int+3} (You found
                  | it on level 5 of the Dungeon)
  5348 | D:5      | Found a shimmering altar of Xom.
  5923 | D:6      | Reached skill level 1 in Shields
  5963 | D:6      | Found a staircase to the Ecumenical Temple.
  6057 | D:6      | Reached skill level 9 in Earth Magic
  6564 | D:6      | Noticed Eustachio
  6567 | D:6      | Killed Eustachio
  6577 | D:6      | Found a hazy altar of Hepliaklqana.
  6662 | D:6      | Found a sparkling altar of Nemelex Xobeh.
  6865 | D:7      | Reached XP level 10. HP: 69/69 MP: 24/27
  7069 | D:7      | Found a sacrificial altar of Ru.
  7721 | D:8      | Found a staircase to the Lair.
  7731 | D:8      | Reached skill level 10 in Earth Magic
  7916 | D:8      | Found a large runed translucent door.
  7916 | D:8      | Found a large runed translucent door.
  7918 | D:8      | Noticed Mortifus's ghost (novice TrMo)
  8056 | D:8      | Reached skill level 5 in Shields
  8449 | D:8      | Killed Mortifus's ghost
  8790 | D:9      | Learned a level 4 spell: Petrify
  8864 | D:9      | Noticed a two-headed ogre
  8869 | D:9      | Killed a two-headed ogre
  9040 | D:9      | Noticed Gastronok
  9063 | D:9      | Killed Gastronok
  9063 | D:9      | Reached XP level 11. HP: 71/74 MP: 2/29
  9206 | D:9      | Reached skill level 10 in Spellcasting
  9394 | D:9      | Reached skill level 11 in Earth Magic
  9562 | D:10     | Entered Level 10 of the Dungeon
  9604 | D:10     | Noticed a two-headed ogre
  9608 | D:10     | Killed a two-headed ogre
  9807 | D:10     | Noticed a two-headed ogre
  9812 | D:10     | Killed a two-headed ogre
  9990 | D:10     | Found a staircase to the Orcish Mines.
 10121 | D:10     | Found a portal to a secret trove of treasure.
 11037 | Orc:1    | Entered Level 1 of the Orcish Mines
 11037 | Orc:1    | Noticed Snorg
 11037 | Orc:1    | Noticed Nergalle
 11080 | Orc:1    | Killed Nergalle
 11081 | Orc:1    | Killed Snorg
 11322 | Orc:1    | You fall into a shaft and drop 1 floor!
 11322 | Orc:2    | Entered Level 2 of the Orcish Mines
 11558 | Orc:2    | Noticed an orc knight
 11591 | Orc:2    | Killed an orc knight
 11735 | Orc:2    | Noticed an ogre mage
 11738 | Orc:2    | Noticed a two-headed ogre
 11739 | Orc:2    | Noticed a two-headed ogre
 11741 | Orc:2    | Killed an ogre mage
 11741 | Orc:2    | Reached skill level 12 in Earth Magic
 11741 | Orc:2    | Reached XP level 12. HP: 53/81 MP: 21/31
 12059 | Orc:2    | Noticed a stone giant
 12082 | Orc:2    | Killed a stone giant
 12875 | Orc:2    | Found a staircase to the Elven Halls.
 13876 | Orc:2    | Found Zomyss's Food Shop.
 13876 | Orc:2    | Found Pykegof's Book Shoppe.
 13878 | Orc:2    | Found Bitamp Vuerr's Distillery.
 13878 | Orc:2    | Found Ytiguil's Weapon Shop.
 13887 | Orc:2    | Bought a book of the Earth for 780 gold pieces
 13897 | Orc:2    | Learned a level 9 spell: Shatter
 13904 | Orc:2    | Bought a potion of invisibility for 96 gold pieces
 13904 | Orc:2    | Bought a potion of cancellation for 96 gold pieces
 13904 | Orc:2    | Bought a potion of curing for 36 gold pieces
 13904 | Orc:2    | Bought a potion of resistance for 120 gold pieces
 13904 | Orc:2    | Bought a potion of curing for 36 gold pieces
 13904 | Orc:2    | Bought a potion of agility for 48 gold pieces
 13904 | Orc:2    | Bought a potion of agility for 48 gold pieces
 13904 | Orc:2    | Bought 2 potions of flight for 72 gold pieces
 14637 | D:11     | Reached skill level 13 in Earth Magic
 15199 | D:12     | Reached XP level 13. HP: 86/86 MP: 4/33
 16101 | D:13     | Reached skill level 14 in Earth Magic
 16101 | D:13     | Reached XP level 14. HP: 93/93 MP: 35/35
 16227 | D:13     | Noticed Rupert
 16408 | Lair:1   | Entered Level 1 of the Lair of Beasts
 17783 | Lair:2   | Noticed Fannar
 17794 | Lair:2   | Killed Fannar
 17794 | Lair:2   | Reached skill level 15 in Earth Magic
 18076 | Lair:2   | Found a hole to the Spider Nest.
 18619 | Lair:3   | Identified a scroll of acquirement
 19326 | Lair:3   | Found a staircase to the Swamp.
 21282 | Lair:5   | Found a dark tunnel.
 21289 | Volcano  | Entered a volcano
 21316 | Volcano  | Reached skill level 16 in Earth Magic
 21382 | Volcano  | Found a radiant altar of Vehumet.
 21413 | Volcano  | Reached XP level 15. HP: 90/99 MP: 16/37
 21737 | Orc:2    | Bought the +7 mace "Ysu Odaepi" {drain, *Drain rF- Int+8
                  | Dex+5} for 1055 gold pieces
 22123 | Lair:5   | Found a staircase to the Slime Pits.
 22573 | Lair:6   | Entered Level 6 of the Lair of Beasts
 22604 | Lair:6   | Reached skill level 17 in Earth Magic
 23384 | Lair:6   | Reached XP level 16. HP: 87/105 MP: 27/38
 24761 | D:8      | Learned a level 6 spell: Iron Shot
 25549 | D:14     | Reached skill level 18 in Earth Magic
 26513 | D:14     | Found a gate to the Vaults.
 26770 | D:14     | Got a crystal morningstar
 26848 | D:15     | Entered Level 15 of the Dungeon
 27615 | D:15     | Found a staircase to the Depths.
 29181 | Elf:1    | Entered Level 1 of the Elven Halls
 29349 | Elf:1    | Reached skill level 19 in Earth Magic
 29470 | Elf:1    | Noticed Donald
 29477 | Elf:1    | Killed Donald
 29869 | Elf:1    | Identified Adoim's Guide on Attacks
 29978 | Elf:1    | Reached XP level 17. HP: 111/111 MP: 35/41
 30389 | Elf:2    | Identified the +9 morningstar of Bloody Death {flame, rF+
                  | MR+ Str+4} (You found it on level 14 of the Dungeon)
 30392 | Elf:2    | Noticed Nikola
 31013 | Elf:2    | Killed Nikola
 31434 | Elf:2    | Reached skill level 15 in Spellcasting
 31443 | Elf:2    | Reached skill level 20 in Earth Magic
 31886 | Elf:2    | Found a runed translucent door.
 31910 | Elf:2    | Found a runed translucent door.
 32105 | Elf:3    | Entered Level 3 of the Elven Halls
 32105 | Elf:3    | Noticed Aizul
 32110 | Elf:3    | Killed Aizul
 32979 | Elf:3    | Noticed a deep elf blademaster
 32980 | Elf:3    | Killed a deep elf blademaster
 32989 | Elf:3    | Noticed a deep elf blademaster
 32990 | Elf:3    | Reached skill level 21 in Earth Magic
 32990 | Elf:3    | Killed a deep elf blademaster
 32990 | Elf:3    | Reached XP level 18. HP: 42/117 MP: 9/43
 32995 | Elf:3    | Identified the amulet "Niraixzu" {rF+ rC+ rN+ Regen+ Int+2}
 33126 | Elf:3    | Identified the ring "Riosuwe" {MR+ rCorr Int+5}
 33266 | Elf:3    | Found the cursed necklace of Bloodlust {*Rage +Rage MR++
                  | Int-3 Slay+6 *Curse}
 33429 | Elf:3    | Got a heavily runed leather armour
 33430 | Elf:3    | Identified the cursed +1 leather armour "Evvimive" {+Blink
                  | Regen+ Int+3 Stlth-} (You found it on level 3 of the Elven
                  | Halls)
 33815 | Elf:3    | Got a twisted short sword
 33925 | Elf:2    | Reached skill level 10 in Shields
 33933 | Elf:2    | Killed from afar by a deep elf mage

Levels and vault maps discovered:
D:1:      onia_arrival_larder, layout_loops_corners
D:2:      layout_rooms, grunt_temple_overflow_growth_and_decay,
          makhleb_altar_promises_db, lemuel_round_altar,
          grunt_dithmenos_smoke_and_mirrors, kennysheep_nondescript
D:3:      layout_basic, grunt_temple_overflow_open, old_standard_altar,
          first_ration
D:4:      layout_layer_cave, nicolae_ossuary_entry_catacombs,
          uniq_blork_the_orc, uniq_edmund, uniq_grinder, uniq_pikel
D:5:      layout_basic, led_xom_imps, uniq_sigmund
D:6:      cheibrodos_barr_body, layout_loops_ring, kennysheep_mini_moat,
          minmay_temple_entry_statues_fountains,
          nemelex_xobeh_ov_fountains_minmay, uniq_eustachio
D:7:      layout_gridville, lemuel_crystal_altar
D:8:      cheibrodos_steamvent, layout_loops_cross, due_lair_maze_entry_diamond,
          ebering_ghost_disaster_area
D:9:      layout_roguey, blue_anna_alchemist [blue_anna_fruit_fields,
          blue_anna_fruit_fields], uniq_gastronok
D:10:     layout_basic, orc_0_dummy, trove_entry_hex_spiral
D:11:     layout_cave_pools, nicolae_wand_duel
D:12:     layout_roguey, lemuel_old_faithful
D:13:     minmay_expanding_squares, layout_cave_pools, minmay_misc_feat_cross,
          minivault_16, hangedman_corner_corridor, uniq_rupert
D:14:     layout_basic, hangedman_vaults_entry_quadrant_bands
D:15:     hangedman_depths_entry_try_elsewhere_first, layout_long_grid,
          serial_bayou, serial_bayou_pond_e, serial_bayou_crossing,
          serial_bayou_pond_a, serial_bayou_ford_a
Lair:1:   layout_hall_layers
Lair:2:   layout_roguey, nicolae_spider_entry_orb_guardian, uniq_fannar
Lair:3:   layout_long_grid, skrybe_swamp_entry_bodies
Lair:4:   layout_cave_pods, chequers_serial_rivers_micro_c, grunt_megastairs_5
Lair:5:   layout_gridlike, minmay_slime_entry_pillars, enter_volcano_2,
          infiniplex_staircase_pool_2
Lair:6:   minmay_lair_end_enchanted_forest, layout_loops_ring, st_stairs_8,
          lookout_lair_type, lemuel_fruit_tree
Orc:1:    layout_caves, uniq_snorg, uniq_nergalle
Orc:2:    grunt_orc_tribal_feast, layout_caves
Elf:1:    layout_geoelf_octagon, minmay_elf_annihilation, sword_in_stone
Elf:2:    layout_geoelf_octagon, nicolae_twisting_strands, uniq_nikola
Elf:3:    grunt_elf_hall_diamonds, layout_rooms, uniq_aizul

Skill      XL: |  1  2  3  4  5  6  7  8  9 10 11 12 13 14 15 16 17 18 |
---------------+-------------------------------------------------------+-----
Spellcasting   | 2 3 4 5 6 7 8 9 11 12 13 14 15 16 | 16.0
Earth Magic    | 3 4 6 8 9 10 12 13 14 16 17 19 21 | 21.5
Shields        | 3 6 8 9 10 | 10.0
Dodging        | |  1.7
Stealth        | |  1.7
Transmutations | |  0.8

Action                   |  1- 3 |  4- 6 |  7- 9 | 10-12 | 13-15 | 16-18 || total
-------------------------+-------+-------+-------+-------+-------+-------++-------
Melee: Unarmed           |    27 |       |       |       |       |       ||    27
       Spear             |   104 |    30 |    82 |       |       |       ||   216
       Mace              |       |       |    57 |   107 |    39 |    68 ||   271
Throw: Throwing net      |       |       |       |       |       |     1 ||     1
 Cast: Sandblast         |    36 |    34 |    95 |   127 |    78 |   115 ||   485
       Stone Arrow       |     9 |       |    40 |   134 |   161 |    75 ||   419
       Lee's Rapid Decon |       |       |    22 |    87 |    71 |   191 ||   371
       Petrify           |       |       |       |     9 |     3 |    11 ||    23
       Iron Shot         |       |       |       |       |       |     9 ||     9
       Shatter           |       |       |       |       |       |    23 ||    23
Evoke: Wand              |       |     2 |     4 |    60 |    10 |    54 ||   130
  Use: Scroll            |       |       |     9 |     7 |    12 |    19 ||    47
       Potion            |       |       |       |    10 |     3 |    16 ||    29
 Stab: Sleeping          |     4 |     1 |     4 |     1 |     1 |     1 ||    12
       Paralysed         |       |     7 |    15 |     2 |       |     1 ||    25
       Distracted        |       |       |     4 |       |       |     1 ||     5
       Petrified         |       |       |       |       |       |     7 ||     7
  Eat: Chunk             |     6 |     1 |    13 |    26 |    20 |    27 ||    93
       Ration            |       |       |     1 |     2 |     2 |     4 ||     9
Armor: Robe              |    35 |     4 |    34 |    58 |    24 |       ||   155
       Skin              |       |       |       |     3 |       |       ||     3
       Leather armour    |       |       |       |       |    26 |    90 ||   116
Dodge: Dodged            |    66 |    14 |   110 |   128 |    88 |   110 ||   516
Block: Other             |     3 |     2 |     2 |       |       |       ||     7
       Buckler           |       |       |    15 |    76 |    51 |    85 ||   227
